AoeStats
← kimbo

Arabia

506106096Analyzed
2v2 RM · 21d ago on Sep 12, 2026· 52m 29s· 4 players
Game mode
Random Map
Map size
Medium (4 player)
Population
200
Speed
Normal
Resources
Standard
Victory
Conquest
Starting age
Dark Age
Ending age
Imperial Age
RankedLock teamsTeams togetherTeam positionsShared explorationLock speedFull tech treeHidden civsTurbo modeCheats
Victory
Defeat
🇳🇿 Cumans · New Zealand
1412
+13
🇳🇿 Huns · New Zealand
1309
+17
🇦🇷 Maya · Argentina
1346
-15
🇦🇷 Persians · Argentina
1342
-15
Pingocho
8:41 Feudal Age
8:53 Loom
10:26 Double-Bit Axe
20:36 Castle Age
20:48 Scale Barding Armor
20:54 Bloodlines
22:03 Chain Barding Armor
22:12 Forging
22:03 Husbandry
23:28 Gold Mining
23:23 Horse Collar
25:18 Wheelbarrow
25:36 Gold Shaft Mining
25:53 Iron Casting
27:14 Bow Saw
31:47 Fletching
36:28 Hand Cart
36:10 Stone Mining
40:02 Imperial Age
38:09 Heavy Plow
40:57 Plate Barding Armor
39:43 Cavalier
45:09 Blast Furnace
43:47 Savar
46:17 Bodkin Arrow
47:51 Ballistics
48:31 Chemistry
47:38 Light Cavalry
48:58 Murder Holes
49:08 Heavy Camel Rider
kimbo
0:25 Loom
9:19 Feudal Age
10:09 Double-Bit Axe
23:05 Castle Age
21:33 Gold Mining
21:39 Fletching
22:01 Horse Collar
23:12 Crossbowman
24:02 Bodkin Arrow
24:40 Bow Saw
25:52 Wheelbarrow
28:48 Ballistics
28:29 Padded Archer Armor
31:25 Hand Cart
34:08 Forging
39:44 Imperial Age
38:08 Leather Archer Armor
37:50 Stone Mining
39:58 Arbalester
40:39 Bracer
42:29 Ring Archer Armor
43:42 Chemistry
44:24 Town Watch
45:58 Thumb Ring
52:54 Conscription
PHAT Johnson
6:54 Loom
9:12 Feudal Age
12:45 Double-Bit Axe
13:11 Town Watch
14:03 Wheelbarrow
20:11 Bloodlines
22:20 Horse Collar
26:41 Castle Age
26:13 Gold Mining
28:40 Forging
30:52 Scale Barding Armor
32:02 Town Watch
34:30 Chain Barding Armor
35:40 Heavy Plow
37:11 Iron Casting
38:05 Bow Saw
39:23 Hand Cart
43:13 Imperial Age
41:43 Gold Shaft Mining
43:16 Cavalier
44:26 Conscription
44:46 Plate Barding Armor
44:36 Paladin
47:43 Two-Man Saw
47:51 Fletching
49:02 Blast Furnace
48:43 Bodkin Arrow
50:22 Ballistics
51:35 Hoardings
52:41 Masonry
53:34 Chemistry
Charles V
6:17 Loom
9:10 Feudal Age
9:39 Double-Bit Axe
19:21 Scale Barding Armor
21:51 Castle Age
19:43 Horse Collar
20:14 Fletching
21:15 Scale Barding Armor
21:40 Bloodlines
21:48 Padded Archer Armor
22:33 Bodkin Arrow
22:51 Bow Saw
23:18 Husbandry
25:31 Wheelbarrow
26:32 Ballistics
28:09 Thumb Ring
35:49 Forging
35:33 Town Watch
36:15 Marauders
36:27 Scale Barding Armor
40:57 Imperial Age
39:17 Hand Cart
39:36 Chain Barding Armor
40:38 Forging
41:20 Elite Tarkan
42:39 Conscription
46:15 Light Cavalry
50:51 Hussar
Connection lost

Rejoining the realm…

Still unreachable

The connection could not be restored.

Session expired

The server has moved on; the page needs a fresh start.